 Dungeon Crawl Stone Soup version 0.21-a0-525-ga34b322 (webtiles) character file.

44 Laiders the Conjurer (level 3, -8/26 HPs)
             Began as a Draconian Conjurer on Dec 7, 2017.
             Killed by divine providence
             ... invoked by an orc priest
              (12 damage)
             ... on level 2 of the Dungeon.
             The game lasted 00:04:49 (1501 turns).

Laiders the Conjurer (Draconian Conjurer)           Turns: 1501, Time: 00:04:50

Health: -8/26      AC:  5    Str: 10    XL:     3   Next: 39%
Magic:  0/7        EV: 12    Int: 16    God:
Gold:   88         SH:  0    Dex: 11    Spells: 1/7 levels left

rFire    . . .     SeeInvis .   f - +0 dagger
rCold    . . .     Gourm    .   (no shield)
rNeg     . . .     Faith    .   (armour unavailable)
rPois    .         Spirit   .   (helmet restricted)
rElec    .         Reflect  .   (no cloak)
rCorr    .         Harm     .   (no gloves)
MR       .....                  (no boots)
Stlth    ++........             (no amulet)
HPRegen  0.08/turn              (no ring)
MPRegen  0.10/turn              (no ring)

@: no status effects
A: unfitting armour, cold-blooded, AC +5
a: no special abilities


You were on level 2 of the Dungeon.
You were not hungry.

You visited 1 branch of the dungeon, and saw 2 of its levels.

You collected 88 gold pieces.

Inventory:

Hand Weapons
 f - a +0 dagger (weapon)
Scrolls
 c - a scroll of fog {unknown}
 e - 2 scrolls of remove curse {unknown}
 g - a scroll of enchant armour {unknown}
 j - a scroll of fear {unknown}
 k - a scroll of enchant weapon {unknown}
 l - a scroll of amnesia {unknown}
Potions
 h - a potion of curing {unknown}
 i - a potion of magic {unknown}
Books
 a - a book of Conjurations

   Spells                             Type                      Level
   a - Magic Dart                     Conjuration                  1
   b - Searing Ray                    Conjuration                  2
   c - Dazzling Spray                 Conjuration/Hexes            3
   d - Fulminant Prism                Conjuration/Hexes            4
   e - Force Lance                    Conjuration/Translocation    4
   f - Iskenderun's Mystic Blast      Conjuration                  4
Comestibles
 b - a bread ration
 d - 2 royal jellies


   Skills:
 - Level 1.7 Dodging
 - Level 1.7 Stealth
 + Level 2.8 Spellcasting
 + Level 4.6 Conjurations
 + Level 0.1 Hexes


You had one spell level left.
You knew the following spells:

 Your Spells              Type           Power        Failure   Level  Hunger
a - Magic Dart            Conj           ###.         2%          1    #......
b - Searing Ray           Conj           ###...       4%          2    ##.....
c - Dazzling Spray        Conj/Hex       ##....       22%         3    ###....


Dungeon Overview and Level Annotations

Branches:
Dungeon (2/15)

Altars:
Okawaru


Innate Abilities, Weirdness & Mutations

Your plain brown scales are hard. (AC +5)
You cannot fit into any form of body armour.
You are cold-blooded and may be slowed by cold attacks.


Message History

Beogh smites you!
You hit the orc.
You kill the orc!
Casting: Magic Dart
Confirm with . or Enter, or press ? or * to list all spells.
Aiming: Magic Dart
Press: ? - help, Shift-Dir - straight line, f - orc priest
Aim: an orc priest, wielding a club The magic dart hits the orc priest.
The orc priest is moderately wounded.
The orc priest mumbles some strange prayers to Beogh against you.
You barely resist.
The orc priest calls upon Beogh to heal the orc.
The orc is healed somewhat.
The orc priest calls down the wrath of Beogh upon you.
Pain shoots through your body!
* * * LOW HITPOINT WARNING * * *
The orc priest invokes the aid of Beogh against you.
Beogh smites you!
You die...

###########
#.ooo...@.#
#.#######.#
.. ##.## #..
####...######
...
#...........#
###.
#.##...####.#
#. #.###...#
#.# #. #)#
###.# #.#
#.## #.# #.#
#.#


You could see 2 orc priests and an orc.

Vanquished Creatures
  2 dart slugs (D:1)
  2 leopard geckos
  An orc (D:2)
  5 giant cockroaches (D:1)
  A goblin (D:1)
  4 hobgoblins
  7 kobolds
  A ball python (D:2)
  7 bats (D:1)
  4 frilled lizards (D:1)
  2 rats (D:1)
36 creatures vanquished.

Notes
Turn   | Place    | Note
-------+----------+-------------------------------------------
     0 | D:1      | Laiders the Draconian Conjurer began the quest for the Orb.
     0 | D:1      | Reached XP level 1. HP: 14/14 MP: 3/3
   405 | D:1      | Reached XP level 2. HP: 13/20 MP: 5/5
   983 | D:1      | Found an iron altar of Okawaru.
  1071 | D:1      | Reached XP level 3. HP: 22/26 MP: 7/7
  1356 | D:1      | Learned a level 2 spell: Searing Ray
  1360 | D:1      | Learned a level 3 spell: Dazzling Spray
  1501 | D:2      | Killed from afar by an orc priest

Vault maps used:
D:1:      minmay_arrival_checkered_box, okawaru_ov_weapons_minmay
D:2:      old_standard_altar, marbit_many_paths, minmay_door_square,
          makhleb_heckhound_becter

Action                   || total
-------------------------++-------
Melee: Dagger            ||    93
       Tailslap          ||    10
 Cast: Magic Dart        ||    43
  Eat: Chunk             ||     2
Armor: Skin              ||    53
Dodge: Dodged            ||    90

Table legend:
 A = Spawn XP
 B = Non-spawn XP
 C = Spawn XP percentage of total XP
 D = Spawn monster count
 E = Non-spawn monster count
 F = Spawn count percentage of total count
 G = Total turns spent on level
                    A         B        C        D         E        F      G
               +---------+---------+-------+---------+---------+-------+---------
         Total |       0 |      63 |   0.0 |       0 |      36 |   0.0 |  1501
               +---------+---------+-------+---------+---------+-------+---------
           D:1 |       0 |      53 |   0.0 |       0 |      31 |   0.0 |  1374
           D:2 |       0 |      10 |   0.0 |       0 |       5 |   0.0 |   127
               +---------+---------+-------+---------+---------+-------+---------
